 Dungeon Crawl Stone Soup version 0.30-a0-726-gd89dcf765f (webtiles) character file.

Game seed: 13932077494417838889

508 sokol815 the Cudgeller (level 7, -1/34 HPs)
             Began as a Vine Stalker Gladiator on Jan 30, 2023.
             Was an Initiate of Gozag.
             Slain by a gnoll
             ... wielding a +0 spear
             ... led by a gnoll bouda
              (3 damage)
             ... on level 5 of the Dungeon.
             The game lasted 00:06:09 (3491 turns).

sokol815 the Cudgeller (Vine Stalker Gladiator)     Turns: 3491, Time: 00:06:09

Health: -1/34      AC: 12    Str: 17    XL:     7   Next: 18%
Magic:  0/8        EV:  8    Int:  8    God:    Gozag
Gold:   180        SH:  0    Dex: 20    Spells: 6/6 levels left

rFire   . . .      SeeInvis .    a - +3 whip (elec)
rCold   + . .      Faith    .    (no shield)
rNeg    + . .      Spirit   +    u - +0 chain mail
rPois   .          Reflect  .    c - +0 helmet
rElec   .          Harm     .    (no cloak)
rCorr   .          Rampage  .    t - +2 pair of gloves of Chimes {Dex+3}
Will    .....                    (no boots) Stlth
                                 (no amulet)
HPRegen 1.05/turn                C - ring of protection from cold {rC+, !d}
MPRegen 0.11/turn                N - ring of positive energy {rN+}

@: no status effects
A: fangs 2, regeneration 1, magic shield, antimagic bite, no potion heal 2
a: Renounce Religion, Potion Petition, Call Merchant, Bribe Branch


You were on level 5 of the Dungeon.
You worshipped Gozag.
Gozag was aware of your devotion.
You visited 2 branches of the dungeon, and saw 6 of its levels.

You collected 227 gold pieces.
You paid 47 gold pieces to Gozag.

Inventory:

Hand Weapons
 a - a +3 whip of electrocution (weapon)
   (You found it on level 1 of the Dungeon)
 i - a +0 rapier
 m - the +3 dagger of the Hundredfold Seers {freeze, rElec rC++}
   (You found it on level 2 of the Dungeon)

   rC:        It greatly protects you from cold.
   rElec:     It insulates you from electricity.
Missiles
 d - 3 throwing nets {!d}
 e - 7 javelins
 r - 6 atropa-tipped darts
 s - 10 stones
Armour
 b - a +0 leather armour
 c - a +0 helmet (worn)
 j - a +0 ring mail
   (You found it on level 2 of the Dungeon)
 t - the +2 pair of gloves of Chimes (worn) {Dex+3}
   (You found it on level 3 of the Dungeon)

   Dex:       It affects your dexterity (+3).
 u - a +0 chain mail (worn)
   (You found it on level 3 of the Dungeon)
Magical Staves
 q - a staff of poison {rPois}
   (You found it on level 3 of the Dungeon)
Jewellery
 C - a ring of protection from cold (left hand) {rC+, !d}
   (You found it on level 3 of the Dungeon)
 N - a ring of positive energy (right hand) {rN+}
   (You found it on level 3 of the Dungeon)
Scrolls
 h - a scroll of blinking {unknown}
 k - a scroll of immolation {unknown}
 l - a scroll of noise {unknown}
 p - a scroll of magic mapping {unknown}
 v - a scroll of teleportation {unknown}
Potions
 g - 2 potions of curing {unknown}
 n - a potion of haste {unknown}
 o - a potion of degeneration {unknown}
 w - 2 potions of flight {unknown}
 x - a potion of cancellation {unknown}
 z - a potion of berserk rage {unknown}
 I - 2 potions of invisibility


   Skills:
 - Level 1.7 Fighting
 - Level 3.8 Short Blades
 * Level 6.0 Maces & Flails
 - Level 1.7 Throwing
 - Level 2.4 Dodging


You had 6 spell levels left.
You didn't know any spells.
Your spell library contained the following spells:

 Spells                   Type           Power      Damage    Failure   Level
 Sandblast                Erth           0%         2d4       100%        1
 Passwall                 Tmut/Erth      0%         N/A       100%        2
 Ignite Poison            Fire/Tmut/Pois 0%         N/A       100%        3
 Kindle Blastsparks       Fire/Tloc/Air  0%         2d10      100%        3
 Stone Arrow              Conj/Erth      0%         3d7       100%        3
 Freezing Cloud           Conj/Ice/Air   0%         6-21      100%        5


Dungeon Overview and Level Annotations

Branches:
Dungeon (5/15) Zot: 26657  Temple (1/1) D:4 Zot: 5861

Altars:
Ashenzari
Cheibriados
Elyvilon
Fedhas
Gozag
Hepliaklqana
Kikubaaqudgha
Makhleb
Okawaru
Sif Muna
Trog
Vehumet
Wu Jian
Xom
Yredelemnul
Zin
The Shining One

Annotations:
D:4 2 runed translucent doors
D:5 Edmund


Innate Abilities, Weirdness & Mutations

You have extremely sharp teeth.
Your natural rate of healing is unusually fast.
When hurt, damage is shared between your health and your magic reserves.
Your bite disrupts and absorbs the magic of your enemies.
Potions cannot restore your health.


Message History

You open the door.
Found a stone staircase leading down.
As you open the door, it creaks loudly!
There is an open door here.
You open the door.
There is an open door here.
You open the door.
There is an open door here.
As you open the door, it creaks loudly!
There is an open door here.
You open the door.
A gnoll bouda and 4 gnolls come into view.
The gnoll shouts! x4; You hear a shout! x3
An adder comes into view.
An orc priest comes into view. It is wielding a +0 club.
An orc comes into view. It is wielding a +0 flail.
A gnoll comes into view. It is wielding a +0 club.
The gnoll bouda barks out a call to the hunt!
The gnolls pick up the pace!
Found a stone staircase leading down.
The orc priest shouts!
The adder hisses angrily.
The gnoll hits you but does no damage. x3
There is an open door here.
You hit the gnoll.
The gnoll hits you from afar with a +0 spear.
The gnoll hits you with a +0 club.
An orc comes into view. It is wielding a +0 club.
The gnoll hits you with a +0 club.
You take 7 damage, and have 27/34 hp.
MASSIVE DAMAGE!!
You now have 7/8 mp.
The gnoll attacks as you move away! The gnoll barely misses you.
The gnoll attacks as you move away! The gnoll hits you with a +0 whip.
The gnoll attacks as you move away! The gnoll closely misses you.
The gnoll hits you but does no damage.
You take 1 damage, and have 26/34 hp.
You now have 6/8 mp.
The gnoll attacks as you move away! The gnoll hits you with a +0 whip.
You take 3 damage, and have 23/34 hp.
The gnoll attacks as you move away! The gnoll hits you with a +0 whip.
The gnoll bouda calls upon its god to heal the gnoll.
The gnoll's wounds heal themselves!
The gnoll hits you but does no damage. The gnoll attacks as you move away!
The gnoll hits you with a +0 club.
You take 1 damage, and have 24/34 hp.
You hit the gnoll but do no damage. Your bite misses the gnoll.
The gnoll hits you but does no damage. x2
The gnoll bouda gazes fiercely through you!
You feel your attacks grow feeble.
You hit the gnoll. The gnoll closely misses you.
You hit the gnoll but do no damage. The gnoll hits you but does no damage.
The gnoll hits you with a +0 club!
You take 5 damage, and have 21/34 hp.
You now have 6/8 mp.
You hit the gnoll. Your bite misses the gnoll. The gnoll closely misses you.
You closely miss the gnoll. You bite the gnoll, but do no damage.
Your attacks no longer feel as feeble.
The gnoll is no longer moving quickly. x2; The gnoll hits you with a +0 club.
The gnoll bouda barks out a call to the hunt!
The gnolls pick up the pace!
The orc priest calls down the wrath of Beogh upon you.
Beogh smites you! The gnoll barely misses you.
You take 11 damage, and have 11/34 hp.
MASSIVE DAMAGE!!
You now have 3/8 mp.
The gnoll attacks as you move away! The gnoll closely misses you.
The gnoll bouda gazes fiercely through you!
You feel your attacks grow feeble. The gnoll hits you with a +0 club.
* * * LOW HITPOINT WARNING * * *
You take 1 damage, and have 10/34 hp.
You now have 2/8 mp.
Unknown command.
The gnoll is no longer moving quickly.
The gnoll attacks as you move away! The gnoll hits you but does no damage.
Your attacks no longer feel as feeble.
There is an open door here.
The gnoll attacks as you move away! The gnoll hits you but does no damage.
The gnoll is no longer moving quickly.
The gnoll hits you but does no damage. The gnoll attacks as you move away!
The gnoll hits you with a +0 whip.
Edmund the Younger comes into view.
He is wielding a +5 dire flail of protection.
You take 4 damage, and have 13/34 hp.
You now have 2/8 mp.
The gnoll attacks as you move away! The gnoll hits you with a +0 whip.
* * * LOW HITPOINT WARNING * * *
You take 3 damage, and have 10/34 hp.
The gnoll hits you but does no damage. The gnoll attacks as you move away!
The gnoll hits you but does no damage. The gnoll attacks as you move away!
The gnoll hits you with a +0 whip. Edmund attacks as you move away!
Edmund hits you with a +5 dire flail of protection!
* * * LOW HITPOINT WARNING * * *
The gnoll hits you but does no damage.
You take 9 damage, and have 5/34 hp.
MASSIVE DAMAGE!!
You now have 1/8 mp.
As you read the scroll labelled IBLECU VOUZEDI, it crumbles to dust.
It is a scroll of enchant weapon.
Your +2 whip of electrocution glows red for a moment.
The gnoll hits you but does no damage.
Edmund hits you with a +5 dire flail of protection.
* * * LOW HITPOINT WARNING * * *
The gnoll hits you from afar with a +0 spear.
You die...
Your body crumbles into a pile of gold.

##g###.##....#....#§§§###.#.§.##
.#.o....#....#.....§≈§#...#.≈.#
.#......o....'.....§§.#._.#§§.#
######..#g...##'##.§≈.#...#.≈.#
##'#....#..##.§§.#.###.≈.#
#..#....#..#..§§.......≈.#
#..#....+..#..§§≈≈≈≈≈≈.≈.#
####..gg######....§......#
.........gg@..........#..#
..........@.......<...'..#
.......................#..#
.......................####
.....##+#####..........#..#
#####......###'#......#..#
...........#......'..#
...........#......#..#
############..[...####


You could see Edmund and 4 gnolls.

Vanquished Creatures
  A scorpion (D:3)
  A wight (D:4)
  A howler monkey (D:4)
  A hound (D:4)
  A jelly (D:4)
  2 iguanas
  4 gnolls
  13 adders
  A white imp (D:4)
  2 worms (D:4)
  5 dart slugs
  7 ball pythons
  10 endoplasms
  9 goblins
  3 hobgoblins
  3 quokkas
  5 bats
  8 frilled lizards
  6 kobolds
  A rat (D:3)
84 creatures vanquished.

Vanquished Creatures (others)
  2 plants (D:1)
2 creatures vanquished.

Grand Total: 86 creatures vanquished

Notes
Turn   | Place    | Note
-------+----------+-------------------------------------------
     0 | D:1      | sokol815 the Vine Stalker Gladiator began the quest for the
                  | Orb.
     0 | D:1      | Reached XP level 1. HP: 11/11 MP: 2/2
    86 | D:1      | Reached skill level 3 in Short Blades
   116 | D:1      | Reached XP level 2. HP: 11/15 MP: 1/3
   588 | D:1      | Reached XP level 3. HP: 18/18 MP: 4/4
   864 | D:2      | Reached skill level 1 in Maces & Flails
   957 | D:2      | Gained mutation: Your natural rate of healing is unusually
                  | fast. [Vine Stalker growth]
   957 | D:2      | Reached XP level 4. HP: 23/23 MP: 5/5
  1002 | D:2      | Reached skill level 2 in Maces & Flails
  1169 | D:2      | Identified the +3 dagger of the Hundredfold Seers {freeze,
                  | rElec rC++}
  1435 | D:2      | Found a faded altar of an unknown god.
  1513 | D:3      | Noticed a scorpion
  1516 | D:3      | Killed a scorpion
  1517 | D:3      | Reached skill level 3 in Maces & Flails
  1517 | D:3      | Reached XP level 5. HP: 26/26 MP: 6/6
  1559 | D:3      | Found a white marble altar of Elyvilon.
  1667 | D:2      | Reached skill level 4 in Maces & Flails
  1759 | D:3      | Reached XP level 6. HP: 23/30 MP: 4/7
  1844 | D:3      | Identified the +2 pair of gloves of Chimes {Dex+3}
  2291 | D:4      | Reached skill level 5 in Maces & Flails
  2499 | D:4      | Found a snail-covered altar of Cheibriados.
  2559 | D:4      | Found a staircase to the Ecumenical Temple.
  2564 | Temple   | Entered the Ecumenical Temple
  2686 | Temple   | Became a worshipper of Gozag Ym Sagoz the Greedy
  2923 | D:4      | Found a large runed translucent door.
  2926 | D:4      | Found a large runed translucent door.
  2949 | D:4      | Found a shimmering altar of Xom.
  3291 | D:5      | Entered Level 5 of the Dungeon
  3310 | D:4      | Reached XP level 7. HP: 25/33 MP: 4/8
  3316 | D:4      | Reached skill level 6 in Maces & Flails
  3359 | D:5      | Found a hazy altar of Hepliaklqana.
  3484 | D:5      | Noticed Edmund
  3490 | D:5      | HP: 4/34 [Edmund/+5 dire flail of protection (7)]
  3491 | D:5      | Slain by a gnoll

Illustrated notes

Levels and vault maps discovered:
D:1:      evilmike_arrival_fibonacci_small, layout_basic, serial_forest,
          infiniplex_forest_straight_3, infiniplex_forest_clump_small,
          infiniplex_forest_straight_3, infiniplex_forest_clump_tiny,
          infiniplex_forest_clump_C, infiniplex_forest_clump_curved,
          infiniplex_forest_lined_2, infiniplex_forest_straight_3
D:2:      layout_rooms, dilly_ecumenical_altar_fadedgnrine
D:3:      layout_rooms, lemuel_crystal_altar, nicolae_hexahallways, minivault_27
D:4:      due_chaos_kobolds, layout_cave_pods, slow_altar_1,
          minmay_temple_entry_glassed_door, chequers_serial_rivers_marsh,
          feat_on_display
D:5:      layout_gridville, mainiacjoe_overflow_brackets,
          kennysheep_generic_room_10, uniq_edmund, uniq_menkaure
Temple:   dshaligram_water_room_temple

Skill      XL: |  1  2  3  4  5  6  7 |
---------------+----------------------+-----
Short Blades   | 3 |  3.8
Maces & Flails | 1 3 4 5 6 |  6.0
Fighting       | |  1.7
Throwing       | |  1.7
Dodging        | |  2.4

Action                     |  1- 3 |  4- 6 |  7- 9 || total
---------------------------+-------+-------+-------++-------
  Melee: Rapier            |    54 |       |       ||    54
         Bite              |    19 |    42 |     4 ||    65
         Whip              |    20 |   164 |    12 ||   196
         Punch             |       |     3 |       ||     3
  Throw: Javelin           |     1 |       |       ||     1
    Use: Scroll            |       |       |     1 ||     1
   Stab: Sleeping          |     3 |     1 |       ||     4
 Armour: Leather armour    |    27 |       |       ||    27
         Ring mail         |       |    28 |       ||    28
         Chain mail        |       |    21 |    18 ||    39
  Dodge: Dodged            |    42 |    82 |     7 ||   131

Table legend: (Time is in decaauts)
 A = Elapsed time spent in this place.
 B = Non-inter-level travel time spent in this place.
 C = Inter-level travel time spent in this place.
 D = Time resting spent in this place.
 E = Time spent auto-exploring this place.
 F = Levels seen in this place.
 G = Mean time per level.
                   A        B        C        D        E       F      G
               +--------+--------+--------+--------+--------+-----+--------+
         Total |   3480 |   3272 |    208 |     67 |   2562 |   6 |  580.0 |
       Dungeon |   3342 |   3157 |    185 |     67 |   2458 |   5 |  668.4 |
        Temple |    138 |    115 |     23 |      0 |    104 |   1 |  138.0 |
               +--------+--------+--------+--------+--------+-----+--------+

Top non-repeatable levels by time:
     D:4: 926 daAuts
     D:1: 890 daAuts
     D:3: 728 daAuts
     D:2: 653 daAuts
     D:5: 144 daAuts
  Temple: 138 daAuts

Table legend:
 A = Kills in this place as a percentage of kills in entire the game.
 B = Kills by you in this place as a percentage of kills by you in the entire game.
 C = Kills by friends in this place as a percentage of kills by friends in the entire game.
 D = Other kills in this place as a percentage of other kills in the entire game.
 E = Experience gained in this place as a percentage of experience gained in the entire game.
 F = Experience gained in this place divided by the number of levels of this place that you have seen.
                   A       B       C       D       E      F
               +-------+-------+-------+-------+-------+----------------------
         Total | 100.0 | 100.0 |   N/A |   N/A | 100.0 | 121.0
       Dungeon | 100.0 | 100.0 |   N/A |   N/A | 100.0 | 145.2
               +-------+-------+-------+-------+-------+----------------------
